 Dungeon Crawl Stone Soup version 0.30-a0-948-g4fa250aae5 (webtiles) character file.

Game seed: 8204863871043014625

1122 octoduck the Basher (level 8, -4/46 HPs)
             Began as a Gargoyle Monk on Mar 26, 2023.
             Slain by an ogre
             ... wielding a +0 giant club
              (12 damage)
             ... on level 4 of the Dungeon.
             The game lasted 00:09:21 (3771 turns).

octoduck the Basher (Gargoyle Monk)                 Turns: 3771, Time: 00:09:21

Health: -4/46      AC: 15    Str: 16    XL:     8   Next: 35%
Magic:  8/8        EV:  7    Int: 12    God:
Gold:   252        SH:  0    Dex: 12    Spells: 7/7 levels left

rFire   . . .      SeeInvis .    v - +0 whip (flame)
rCold   . . .      Faith    .    (no shield)
rNeg    + . .      Spirit   .    t - +0 chain mail
rPois   ∞          Reflect  .    (no helmet)
rElec   +          Rampage  .    q - +0 cloak
rCorr   .                        l - +0 pair of gloves
Will    .....                    (no boots) Stlth
                                 (no amulet)
HPRegen 0.27/turn                (no ring)
MPRegen 0.11/turn                (no ring)

@: no status effects
A: sickness immunity, AC +5, negative energy resistance 1, electricity
resistance, torment resistance 1, petrification resistance
a: no special abilities


You were on level 4 of the Dungeon.
You visited 1 branch of the dungeon, and saw 4 of its levels.

You collected 252 gold pieces.

Inventory:

Hand Weapons
 a - a +1 mace
 v - a +0 whip of flaming (weapon)
Missiles
 i - 6 poisoned darts (quivered)
Armour
 l - a +0 pair of gloves (worn)
 q - a +0 cloak (worn)
 t - a +0 chain mail (worn)
Scrolls
 b - a scroll of fog {unknown}
 d - a scroll of enchant armour {unknown}
 k - a scroll of vulnerability {unknown}
 n - a scroll of poison
 o - a scroll of torment {unknown}
 r - a scroll of teleportation {unknown}
 w - a scroll of blinking {unknown}
Potions
 c - a potion of ambrosia
 e - 2 potions of heal wounds
 f - 2 potions of resistance {unknown}
 g - 2 potions of lignification
 h - a potion of invisibility {unknown}
 j - a potion of haste {unknown}
 m - a potion of attraction {unknown}
 p - a potion of mutation {unknown}
 s - a potion of flight {unknown}
 u - a potion of degeneration {unknown}


   Skills:
 - Level 3.2 Fighting
 + Level 10.1 Maces & Flails
 - Level 2.4 Dodging
 - Level 2.1 Stealth


You had 7 spell levels left.
You didn't know any spells.
Your spell library contained the following spells:

 Spells                   Type           Power      Damage    Failure   Level
 Summon Guardian Golem    Hex/Summ       0%         N/A       100%        3
 Orb of Destruction       Conj           0%         9d5       100%        7
 Spellforged Servitor     Conj/Summ      0%         N/A       100%        7


Dungeon Overview and Level Annotations

Branches:
Dungeon (4/15)
 Temple: D:4-7

Altars:
Vehumet

Shops:
D:1 :

Annotations:
D:3 2 runed translucent doors, Grinder


Innate Abilities, Weirdness & Mutations

You are immune to sickness and miasma.
Your stone body is resilient. (AC +5)
You are immune to poison.
You resist negative energy. (rN+)
You are resistant to electric shocks. (rElec)
You are resistant to unholy torment.
You are immune to petrification.


Message History

Throw: 7 darts (poison)
Press: ? - help, Q - select action Shift-Dir - straight line, f/p - ogre
Aim: an ogre, wielding a +0 giant club (lightly wounded, poisoned, 73% to hit)
You throw a poisoned dart.
The poisoned dart barely misses the ogre.
The poisoned dart closely misses the iguana.
You hit the ogre. You burn the ogre.
The ogre is lightly wounded.
The ogre hits you with a +0 giant club!!
You hit the ogre. You burn the ogre.
The ogre is lightly wounded.
You hit the ogre. You burn the ogre.
The ogre is moderately wounded.
The ogre looks more healthy.
You hit the ogre. You burn the ogre.
The ogre is heavily wounded.
The ogre completely misses you.
You hit the ogre. You burn the ogre.
The ogre is severely wounded.
The iguana looks more healthy.
You hit the ogre but do no damage.
The ogre is severely wounded.
The ogre hits you with a +0 giant club!
* * * LOW HITPOINT WARNING * * *
You hit the ogre. You burn the ogre.
The ogre is almost dead.
You hit the ogre but do no damage.
The ogre is almost dead.
You barely miss the ogre.
The ogre is almost dead.
The ogre hits you with a +0 giant club.
* * * LOW HITPOINT WARNING * * *
You hit the ogre but do no damage.
The ogre is almost dead.
You hit the ogre but do no damage.
The ogre is almost dead.
You hit the ogre. You burn the ogre.
The ogre is almost dead.
The ogre hits you with a +0 giant club!
You die...

#..........#
#♣..##
##.........#
#.>.#
######'####
#♣..## #.#
#...# #.# ##..♣
#.# ...##.. #.#
###.... ##♣
#.######.......
#.@Ol(.'((.....
########.....##
.....# .....#
.....# .O...#
.....# .....#


You could see an ogre and an iguana.

Vanquished Creatures
  Pikel (D:4)
  Pargi (D:4)
  An ogre (D:4)
  A bullfrog (D:4)
  2 scorpions
  An orc priest (D:3)
  2 orc wizards (D:4)
  Natasha (thrice) (D:3)
  An iguana (D:4)
  5 adders
  4 worms
  3 dart slugs
  7 orcs
  4 ball pythons
  5 endoplasms
  A giant cockroach (D:4)
  13 goblins
  9 hobgoblins
  3 kobolds
  3 quokkas
  2 bats
  5 frilled lizards
  4 rats
81 creatures vanquished.

Vanquished Creatures (others)
  3 fungi (D:3)
  8 plants (D:3)
11 creatures vanquished.

Grand Total: 92 creatures vanquished

Notes
Turn   | Place    | Note
-------+----------+-------------------------------------------
     0 | D:1      | octoduck the Gargoyle Monk began the quest for the Orb.
     0 | D:1      | Reached XP level 1. HP: 14/14 MP: 1/1
    24 | D:1      | Found Ecezxeps's Vocational Training.
   149 | D:1      | Reached XP level 2. HP: 19/19 MP: 2/2
  1027 | D:2      | Reached skill level 4 in Maces & Flails
  1027 | D:2      | Reached XP level 3. HP: 23/23 MP: 3/3
  1391 | D:2      | Reached XP level 4. HP: 28/28 MP: 4/4
  1525 | D:2      | Reached skill level 5 in Maces & Flails
  1861 | D:3      | Found a large runed translucent door.
  1861 | D:3      | Found a large runed translucent door.
  1975 | D:3      | Reached XP level 5. HP: 32/32 MP: 5/5
  2010 | D:3      | Noticed Natasha
  2027 | D:3      | Killed Natasha
  2034 | D:3      | Reached skill level 6 in Maces & Flails
  2181 | D:3      | Noticed Natasha
  2210 | D:3      | Killed Natasha
  2368 | D:3      | Noticed Grinder
  2473 | D:4      | Noticed an ogre
  2490 | D:3      | Reached XP level 6. HP: 19/37 MP: 6/6
  2546 | D:3      | Noticed Natasha
  2557 | D:3      | Killed Natasha
  2586 | D:4      | Reached skill level 7 in Maces & Flails
  2813 | D:4      | Reached XP level 7. HP: 39/41 MP: 7/7
  2918 | D:4      | Reached skill level 8 in Maces & Flails
  3094 | D:4      | Noticed Pikel
  3134 | D:4      | Killed Pikel
  3135 | D:4      | Reached skill level 9 in Maces & Flails
  3135 | D:4      | Reached XP level 8. HP: 14/46 MP: 8/8
  3531 | D:4      | Noticed Pargi
  3579 | D:4      | Killed Pargi
  3580 | D:4      | Reached skill level 10 in Maces & Flails
  3727 | D:4      | Found a radiant altar of Vehumet.
  3771 | D:4      | Slain by an ogre

Illustrated notes

Levels and vault maps discovered:
D:1:      minmay_arrival_solitary_statue, layout_basic, minmay_misc_feat_tiny,
          nicolae_shop_vocational
D:2:      cheibrodos_greedy_goblins, layout_basic
D:3:      layout_basic, minitemple, nicolae_ru_the_path_less_chosen,
          jmf_multi_god_temple2, dreamdust_ecumenical_altar_statues,
          uniq_grinder, uniq_natasha
D:4:      layout_basic, overflow_temple_1_default, grunt_ministairs_8,
          uniq_pikel, uniq_pargi

Skill      XL: |  1  2  3  4  5  6  7  8 |
---------------+-------------------------+-----
Maces & Flails | 4 5 6 7 9 10 | 10.1
Fighting       | |  3.2
Dodging        | |  2.4
Stealth        | |  2.1

Action                     |  1- 3 |  4- 6 |  7- 9 || total
---------------------------+-------+-------+-------++-------
  Melee: Mace              |    82 |   160 |    80 ||   322
         Punch             |       |     1 |     1 ||     2
         Whip              |       |       |    55 ||    55
  Throw: Dart              |       |       |     9 ||     9
    Use: Scroll            |     3 |     1 |     1 ||     5
         Potion            |       |     1 |     2 ||     3
   Stab: Sleeping          |     3 |     1 |       ||     4
 Armour: Robe              |    12 |       |       ||    12
         Ring mail         |    10 |    65 |       ||    75
         Chain mail        |       |     9 |    57 ||    66
         Skin              |       |       |    16 ||    16
  Dodge: Dodged            |    53 |    74 |    31 ||   158

Table legend: (Time is in decaauts)
 A = Elapsed time spent in this place.
 B = Non-inter-level travel time spent in this place.
 C = Inter-level travel time spent in this place.
 D = Time resting spent in this place.
 E = Time spent auto-exploring this place.
 F = Levels seen in this place.
 G = Mean time per level.
                   A        B        C        D        E       F      G
               +--------+--------+--------+--------+--------+-----+--------+
         Total |   3804 |   3518 |    286 |    635 |   1801 |   4 |  951.0 |
       Dungeon |   3804 |   3518 |    286 |    635 |   1801 |   4 |  951.0 |
               +--------+--------+--------+--------+--------+-----+--------+

Top non-repeatable levels by time:
     D:4: 1194 daAuts
     D:1: 1008 daAuts
     D:2: 991 daAuts
     D:3: 610 daAuts
